 Dungeon Crawl Stone Soup version 0.18.1-5-g4a78601 (webtiles) character file.

251 LORDOFBUTT the Covert (level 6, -2/35 HPs)
             Began as a Kobold Assassin on May 11, 2016.
             Killed from afar by an orc wizard (6 damage)
             ... with a magic dart
             ... on level 4 of the Dungeon.
             The game lasted 00:04:24 (2775 turns).

LORDOFBUTT the Covert (Kobold Assassin)             Turns: 2775, Time: 00:04:25

Health: -2/35      AC:  4    Str: 10    XL:     6   Next: 36%
Magic:  6/6        EV: 17    Int:  9    God:
Gold:   161        SH:  0    Dex: 19    Spells: 0 memorised, 5 levels left

rFire  . . .     SeeInvis .     s - +1 dagger (speed)
rCold  . . .     Gourm    .     c - +0 robe
rNeg   . . .     Faith    .     (shield restricted)
rPois  .         Spirit   .     (no helmet)
rElec  .         Dismiss  .     d - +0 cloak
rCorr  .         Reflect  .     w - +0 pair of gloves
SustAt .         Harm     .     (no boots)
MR     .....                    (no amulet)
Stlth  +++++.....               (no ring)
                                (no ring)

@: slowed, very slow, not resistant to hostile enchantments, quite stealthy
A: carnivore 3
a: no special abilities


You were on level 4 of the Dungeon.
You were full.

You visited 1 branch of the dungeon, and saw 4 of its levels.

You collected 161 gold pieces.

Inventory:

Hand Weapons
 a - a +2 dagger
 b - a +0 blowgun
 s - a +1 dagger of speed (weapon)
Missiles
 e - 47 poisoned needles
 f - a curare-tipped needle
Armour
 c - a +0 robe (worn)
 d - a +0 cloak (worn)
 w - a +0 pair of gloves (worn)
Wands
 p - a wand of enslavement (13/24)
Scrolls
 h - 3 scrolls of remove curse
 i - a scroll of random uselessness {unknown}
 j - a scroll of immolation {unknown}
 k - 2 scrolls of enchant weapon {unknown}
 v - a scroll of identify
Potions
 l - a potion of berserk rage
 m - a potion of flight
 n - a potion of ambrosia
 o - 2 potions of degeneration
 q - a potion of magic {unknown}
 r - a potion of heal wounds {unknown}
 t - 2 potions of agility {unknown}
 u - 2 potions of brilliance {unknown}
Comestibles
 g - 2 meat rations


   Skills:
 - Level 2.2 Fighting
 - Level 2.6 Short Blades
 - Level 2.1 Throwing
 + Level 3.9 Dodging
 + Level 8.8 Stealth


You had 5 spell levels left.
You didn't know any spells.

Dungeon Overview and Level Annotations

Branches:
Dungeon (4/15)
 Temple: D:4-7

Altars:
Ru
The Shining One

Annotations:
D:4 dialectric's ghost, novice DsMo


Innate Abilities, Weirdness & Mutations

You are small and have problems with some larger weapons.
You are carnivorous and can eat meat at any time.


Message History

You feel yourself slow down.
You hit the orc.
You kill the orc!
The orc wizard completely misses you. The orc wizard misses you.
You completely miss the orc wizard.
The orc wizard is moderately wounded.
The orc wizard hits you with a dagger.
* * * LOW HITPOINT WARNING * * *
The orc closely misses you.
You barely miss the orc wizard.
The orc wizard is moderately wounded.
The orc wizard casts a spell at you. The magic dart hits you!
* * * LOW HITPOINT WARNING * * *
The orc misses you.
You miss the orc wizard.
The orc wizard is moderately wounded.
The orc wizard gestures at you while chanting.
The magic dart hits you!
You die...

... ##..#
#...# ###.)#
#...# #...#
#..## ##o##
#o@# ###
#####.###....
#.........#
#........##
#...<....#
#........#
#........#
#........#
##########


You could see an orc wizard and an orc.

Vanquished Creatures
  An ogre (D:4)
  A crimson imp (D:3)
  An orc priest (D:4)
  2 adders
  3 oozes
  A worm (D:2)
  2 dart slugs
  5 giant geckos
  An orc (D:4)
  A ball python (D:4)
  A giant cockroach (D:2)
  5 goblins
  10 hobgoblins
  6 kobolds
  A quokka (D:2)
  11 bats
  3 giant newts
  7 rats
62 creatures vanquished.

Notes
Turn   | Place    | Note
--------------------------------------------------------------
     0 | D:1      | LORDOFBUTT the Kobold Assassin began the quest for the Orb.
     0 | D:1      | Reached XP level 1. HP: 12/12 MP: 1/1
   102 | D:1      | Reached XP level 2. HP: 17/17 MP: 2/2
   118 | D:1      | Reached skill level 6 in Stealth
   395 | D:1      | Reached XP level 3. HP: 21/21 MP: 3/3
   970 | D:2      | Found a sacrificial altar of Ru.
  1023 | D:2      | Reached XP level 4. HP: 26/26 MP: 4/4
  1261 | D:2      | Reached skill level 7 in Stealth
  1792 | D:3      | Reached XP level 5. HP: 9/30 MP: 5/5
  2126 | D:3      | Found a faded altar to an unknown god.
  2213 | D:3      | Found a glowing golden altar of the Shining One.
  2675 | D:4      | Noticed an ogre
  2678 | D:4      | Killed an ogre
  2678 | D:4      | Reached skill level 8 in Stealth
  2678 | D:4      | Reached XP level 6. HP: 35/35 MP: 6/6
  2699 | D:4      | Noticed dialectric's ghost (novice DsMo)
  2775 | D:4      | Killed from afar by an orc wizard

Skill      XL: |  1  2  3  4  5 |
---------------+----------------+-----
Stealth        | 6 7 8 |  8.8
Dodging        | 2 3 |  3.9
Fighting       | |  2.2
Short Blades   | |  2.6
Throwing       | |  2.1

Action                   |  1- 3 |  4- 6 || total
-------------------------+-------+-------++-------
Melee: Dagger            |    82 |   160 ||   242
 Fire: Blowgun           |       |    11 ||    11
  Use: Scroll            |       |     5 ||     5
 Stab: Sleeping          |    15 |    10 ||    25
       Distracted        |     1 |       ||     1
  Eat: Chunk             |       |     3 ||     3
       Meat ration       |       |     1 ||     1
       Pizza             |       |     1 ||     1
Armor: Robe              |    11 |    15 ||    26
Dodge: Dodged            |    42 |    91 ||   133
